Boston Bruins vs Detroit Red Wings
Created - Wednesday, May 21, 2025 at 09:01
Goals
|
| Boston Bruins |
2 |
2 |
3 |
7 |
| Detroit Red Wings |
0 |
0 |
3 |
3 |
|
Shots
|
| Boston Bruins |
16 |
12 |
15 |
43 |
| Detroit Red Wings |
8 |
11 |
12 |
31 |
|
1st period
1. Boston Bruins , Alex Newhook 25 (Vincent Trocheck 54) at 2:39 (PP)
2. Boston Bruins , Ryan Strome 24 (Vincent Trocheck 55, Alex Newhook 41) at 10:59
Penalties :
Keegan Kolesar (DET) for Fighting (Major) at 2:15, Anders Lee (BOS) for Fighting (Major) at 2:15, Patrick Kane (DET) for Hooking (Minor) at 2:37, Jeff Petry (DET) for Holding (Minor) at 4:36
2nd period
3. Boston Bruins , Evander Kane 23 (Andrew Copp 34) at 3:47
4. Boston Bruins , Morgan Geekie 11 (Matthew Beniers 18, Joel Farabee 39) at 15:35
Penalties :
Anders Lee (BOS) for Tripping (Minor) at 6:15, Anders Lee (BOS) for Roughing (Minor) at 9:50, John Ludvig (BOS) for Diving (Minor) at 13:23, Ryan Strome (BOS) for Tripping (Minor) at 18:50
3rd period
5. Detroit Red Wings , Patrick Kane 29 (Steven Stamkos 42, Erik Brannstrom 18) at 0:23 (PP)
6. Boston Bruins , Evander Kane 24 (Torey Krug 25, Ryan Lindgren 24) at 5:46
7. Detroit Red Wings , Mika Zibanejad 47 (Carter Verhaeghe 44, Zachary Werenski 28) at 8:28
8. Boston Bruins , Vincent Trocheck 30 (Alex Newhook 42) at 9:07
9. Detroit Red Wings , Zachary Werenski 8 (Steven Stamkos 43, Patrick Kane 43) at 11:19 (PP)
10. Boston Bruins , Andrew Copp 20 (Evander Kane 22, Torey Krug 26) at 18:57
Penalties :
Patrick Kane (DET) for Delaying the game (Minor) at 6:08, Jeff Petry (DET) for Fighting (Major) at 10:20, John Ludvig (BOS) for Fighting (Major) at 10:20, Ryan Strome (BOS) for Cross-checking (Minor) at 11:03, Shayne Gostisbehere (DET) for Interference (Minor) at 19:14
Goalie Stats
Petr Mrazek (BOS), 28 saves from 31 shots - (0.903), W, 35-18-6, 60:00 minutes
Calvin Pickard (DET), 36 saves from 43 shots - (0.837), L, 24-20-1, 60:00 minutes
Players Stats for Boston Bruins
Player Name G A P +/- PIM S H SB GA TA FO MP PP MP PK MP
------------------------------------------------------------------------------------
Alex Newhook 1 2 3 2 0 5 0 0 3 1 0/1 16:59 2:36 0:10
Anders Lee 0 0 0 0 9 1 0 0 0 0 0/0 10:09 0:00 0:00
Andrew Copp 1 1 2 3 0 4 0 0 0 1 14/24 20:09 2:09 3:48
Angus Crookshank 0 0 0 0 0 0 1 0 0 0 0/0 9:13 0:00 0:00
Connor Clifton 0 0 0 -1 0 4 1 3 0 1 0/0 22:24 2:08 3:59
Eetu Luostarinen 0 0 0 0 0 3 0 0 1 0 1/4 9:13 0:00 0:00
Evander Kane 2 1 3 3 0 4 2 1 1 0 0/1 15:59 2:09 0:00
Joel Farabee 0 1 1 3 0 5 1 1 2 0 0/0 20:00 2:09 3:58
John Ludvig 0 0 0 1 7 0 0 0 0 0 0/0 10:32 0:00 0:00
John-Jason Peterka 0 0 0 0 0 2 0 0 0 0 1/1 9:13 0:00 0:00
Matthew Beniers 0 1 1 0 0 0 0 1 2 0 4/9 10:46 0:00 0:00
Morgan Geekie 1 0 1 0 0 1 0 1 0 0 4/4 11:44 0:00 0:58
Ryan Lindgren 0 1 1 5 0 2 0 2 0 0 0/0 26:19 2:37 3:47
Ryan Strome 1 0 1 2 4 3 4 1 0 0 2/2 18:42 2:36 2:50
Torey Krug 0 2 2 5 0 2 0 1 0 0 0/0 26:50 2:37 3:47
Ty Emberson 0 0 0 -1 0 0 3 1 0 0 0/0 21:35 2:08 3:59
Vincent Trocheck 1 2 3 2 0 7 1 0 0 0 19/23 20:01 2:36 3:48
Yegor Zamula 0 0 0 1 0 0 0 1 0 0 0/0 12:19 0:00 0:00
Players Stats for Detroit Red Wings
Player Name G A P +/- PIM S H SB GA TA FO MP PP MP PK MP
------------------------------------------------------------------------------------
Brendan Gallagher 0 0 0 0 0 1 1 0 0 0 0/0 6:39 0:00 0:00
Carter Verhaeghe 0 1 1 0 0 5 3 0 0 1 0/0 18:49 3:48 0:00
Christian Fischer 0 0 0 -2 0 2 2 0 0 0 0/0 12:30 0:00 2:14
Daniel Sprong 0 0 0 -2 0 3 1 0 1 0 0/0 10:59 0:00 0:24
Erik Brannstrom 0 1 1 1 0 2 3 0 0 1 0/0 15:46 3:45 0:00
Jackson LaCombe 0 0 0 -1 0 2 1 2 0 2 0/0 18:23 0:00 2:21
Jared McCann 0 0 0 -3 0 1 2 1 0 1 0/3 19:20 3:58 0:00
Jeff Petry 0 0 0 -4 7 1 0 2 0 0 0/0 21:44 3:45 1:08
Keegan Kolesar 0 0 0 0 5 0 0 0 0 0 0/1 7:12 0:00 1:16
Kevin Stenlund 0 0 0 0 0 1 0 0 0 1 1/2 8:54 0:00 2:15
Mika Zibanejad 1 0 1 0 0 3 2 1 0 0 11/24 21:20 3:48 2:19
Patrick Kane 1 1 2 -3 4 3 0 1 0 0 0/1 19:29 3:58 0:00
Shayne Gostisbehere 0 0 0 -2 2 1 2 1 0 1 0/0 23:06 4:01 1:16
Steven Stamkos 0 2 2 -3 0 3 1 0 1 0 12/34 20:33 3:58 1:02
Tyler Johnson 0 0 0 0 0 0 1 0 0 1 0/1 18:49 3:48 0:00
Yakov Trenin 0 0 0 -2 0 1 2 0 0 0 0/3 13:02 0:00 2:24
Zach Bogosian 0 0 0 1 0 0 0 0 0 0 0/0 12:17 0:00 0:00
Zachary Werenski 1 1 2 -5 0 2 0 1 1 1 0/0 26:17 4:01 2:21
3 Stars
1 - Evander Kane (BOS)
2 - Vincent Trocheck (BOS)
3 - Alex Newhook (BOS)
Power Play
Boston Bruins - 1 on 4 Attempt(s) - 25.00%
Detroit Red Wings - 2 on 5 Attempt(s) - 40.00%
Penalty Kill
Boston Bruins - 3 on 5 Attempt(s) - 60.00%
- Score 0 goal in Penalty Kill
Detroit Red Wings - 3 on 4 Attempt(s) - 75.00%
- Score 0 goal in Penalty Kill
Team Stat
Boston Bruins - Hits : 13 - Faceoff Wins : 45 - Blocked Shots : 13 - Penalty Minutes : 20
Detroit Red Wings - Hits : 21 - Faceoff Wins : 24 - Blocked Shots : 9 - Penalty Minutes : 18
Official
Referees : Michael Markovic and Ghislain Hebert
Linesman : Julien Fournier and Michel Cormier
Game Notes
Keegan Kolesar beats up Anders Lee at 2:15 of 1st period
John Ludvig beats up Jeff Petry at 10:20 of 3rd period
Finance
Level 1 -- Attendance: 4990 (83.17%) -- Ticket Income $499,000
Level 2 -- Attendance: 3483 (69.66%) -- Ticket Income $208,980
Level 3 -- Attendance: 2171 (72.37%) -- Ticket Income $75,985
Level 4 -- Attendance: 3717 (74.34%) -- Ticket Income $92,925
Luxury Box -- Attendance: 783 (78.30%) -- Ticket Income $156,600
Game was played at the Joe Louis Arena.
Total Attendance: 15144 (75.72%)
Total Ticket Income: $1,033,490
Other Income: $361,722
Total Income: $1,395,212
Boston Bruins
5 vs 5 Forward
Center Left Wing Right Wing Time % Phy DF OF
1 Vincent Trocheck Alex Newhook Ryan Strome 30 1 2 2
2 Andrew Copp Evander Kane Joel Farabee 30 1 2 2
3 Matthew Beniers Anders Lee Morgan Geekie 25 1 2 2
4 Eetu Luostarinen Angus Crookshank John-Jason Peterka 15 1 2 2
5 vs 5 Defense
Defense Defense Time % Phy DF OF
1 Torey Krug Ryan Lindgren 30 1 2 2
2 Connor Clifton Ty Emberson 30 1 2 2
3 Yegor Zamula John Ludvig 25 1 2 2
4 Torey Krug Ryan Lindgren 15 1 2 2
PowerPlay Forward
Center Left Wing Right Wing Time % Phy DF OF
1 Vincent Trocheck Alex Newhook Ryan Strome 50 1 2 2
2 Andrew Copp Evander Kane Joel Farabee 50 1 2 2
PowerPlay Defense
Defense Defense Time % Phy DF OF
1 Torey Krug Ryan Lindgren 50 1 2 2
2 Connor Clifton Ty Emberson 50 1 2 2
Penalty Kill 4 Players Forward
Center Wing Time % Phy DF OF
1 Vincent Trocheck Andrew Copp 50 1 2 2
2 Ryan Strome Joel Farabee 50 1 2 2
Penalty Kill 4 Players Defense
Defense Defense Time % Phy DF OF
1 Torey Krug Ryan Lindgren 50 1 2 2
2 Connor Clifton Ty Emberson 50 1 2 2
Penalty Kill - 3 Players Forward
Forward Time % Phy DF OF
1 Vincent Trocheck 50 1 2 2
2 Ryan Strome 50 1 2 2
Penalty Kill - 3 Players Defense
Defense Defense Time % Phy DF OF
1 Torey Krug Ryan Lindgren 50 1 2 2
2 Connor Clifton Ty Emberson 50 1 2 2
4 vs 4 Forward
Center Wing Time % Phy DF OF
1 Vincent Trocheck Anders Lee 50 1 2 2
2 Ryan Strome Joel Farabee 50 1 2 2
4 vs 4 Defense
Defense Defense Time % Phy DF OF
1 Torey Krug John Ludvig 50 1 2 2
2 Connor Clifton Ty Emberson 50 1 2 2
Last Minutes Offensive
Center Left Wing Right Wing Defense Defense
Vincent Trocheck Alex Newhook Ryan Strome Torey Krug Ryan Lindgren
Last Minutes Defensive
Center Left Wing Right Wing Defense Defense
Vincent Trocheck Alex Newhook Ryan Strome Torey Krug Ryan Lindgren
Goaltenders
Starting : Petr Mrazek
Backup : Pyotr Kochetkov
Extra Forwards
Normal : Matthew Beniers, Anders Lee, Morgan Geekie - PP : Matthew Beniers, Anders Lee - PK : Morgan Geekie
Extra Defensemen
Normal : Torey Krug, John Ludvig, Connor Clifton - PP : Torey Krug - PK : John Ludvig, Connor Clifton
Penalty Shots
Vincent Trocheck, Matthew Beniers, Ryan Strome, Joel Farabee, Andrew Copp
Scratches
Anthony Beauvillier (Healthy), Drew O'Connor (Healthy), Alex Vlasic (Healthy), Beck Malenstyn (Healthy), Viktor Arvidsson (Healthy)
Detroit Red Wings
5 vs 5 Forward
Center Left Wing Right Wing Time % Phy DF OF
1 Steven Stamkos Jared McCann Patrick Kane 35 1 2 2
2 Mika Zibanejad Carter Verhaeghe Tyler Johnson 35 1 1 3
3 Yakov Trenin Daniel Sprong Christian Fischer 20 1 2 2
4 Kevin Stenlund Brendan Gallagher Keegan Kolesar 10 2 2 1
5 vs 5 Defense
Defense Defense Time % Phy DF OF
1 Zachary Werenski Jeff Petry 40 1 2 2
2 Shayne Gostisbehere Jackson LaCombe 30 1 2 2
3 Erik Brannstrom Zach Bogosian 20 3 1 1
4 Shayne Gostisbehere Jackson LaCombe 10 1 2 2
PowerPlay Forward
Center Left Wing Right Wing Time % Phy DF OF
1 Steven Stamkos Jared McCann Patrick Kane 50 0 1 4
2 Mika Zibanejad Carter Verhaeghe Tyler Johnson 50 0 1 4
PowerPlay Defense
Defense Defense Time % Phy DF OF
1 Shayne Gostisbehere Zachary Werenski 50 1 2 2
2 Erik Brannstrom Jeff Petry 50 1 2 2
Penalty Kill 4 Players Forward
Center Wing Time % Phy DF OF
1 Mika Zibanejad Christian Fischer 50 2 2 1
2 Kevin Stenlund Keegan Kolesar 50 2 2 1
Penalty Kill 4 Players Defense
Defense Defense Time % Phy DF OF
1 Zachary Werenski Jackson LaCombe 50 2 2 1
2 Yakov Trenin Jeff Petry 50 2 2 1
Penalty Kill - 3 Players Forward
Forward Time % Phy DF OF
1 Mika Zibanejad 50 1 2 2
2 Steven Stamkos 50 1 2 2
Penalty Kill - 3 Players Defense
Defense Defense Time % Phy DF OF
1 Zachary Werenski Jackson LaCombe 50 1 2 2
2 Yakov Trenin Jeff Petry 50 2 2 1
4 vs 4 Forward
Center Wing Time % Phy DF OF
1 Mika Zibanejad Carter Verhaeghe 60 1 2 2
2 Steven Stamkos Patrick Kane 40 1 1 3
4 vs 4 Defense
Defense Defense Time % Phy DF OF
1 Zachary Werenski Shayne Gostisbehere 60 1 2 2
2 Jackson LaCombe Jeff Petry 40 1 2 2
Last Minutes Offensive
Center Left Wing Right Wing Defense Defense
Mika Zibanejad Steven Stamkos Carter Verhaeghe Zachary Werenski Jackson LaCombe
Last Minutes Defensive
Center Left Wing Right Wing Defense Defense
Mika Zibanejad Steven Stamkos Carter Verhaeghe Zachary Werenski Jackson LaCombe
Goaltenders
Starting : Calvin Pickard
Backup : Laurent Brossoit
Extra Forwards
Normal : Yakov Trenin, Christian Fischer, Daniel Sprong - PP : Kevin Stenlund, Daniel Sprong - PK : Steven Stamkos
Extra Defensemen
Normal : Shayne Gostisbehere, Jackson LaCombe, Zach Bogosian - PP : Shayne Gostisbehere - PK : Shayne Gostisbehere, Jackson LaCombe
Penalty Shots
Mika Zibanejad, Steven Stamkos, Patrick Kane, Carter Verhaeghe, Jared McCann
Scratches
Alexander Barabanov (Healthy), Kevin Shattenkirk (Healthy), Peyton Krebs (Healthy), Raphael Lavoie (Healthy), Vitek Vanecek (Healthy)
% Time on Ice - Boston Bruins
Lines # - Real PCT - Wanted PCT - Time Play
Normal Forward
1 - 29% - 30% - 13:37
2 - 29% - 30% - 13:53
3 - 23% - 25% - 10:46
4 - 19% - 15% - 9:13
Normal Defense
1 - 31% - 30% - 14:31
2 - 32% - 30% - 15:15
3 - 26% - 25% - 12:32
4 - 11% - 15% - 5:11
PP Forward
1 - 55% - 50% - 2:36
2 - 45% - 50% - 2:09
PP Defense
1 - 55% - 50% - 2:37
2 - 45% - 50% - 2:08
PK Forward
1 - 49% - 50% - 3:48
2 - 51% - 50% - 3:58
PK Defense
1 - 49% - 50% - 3:47
2 - 51% - 50% - 3:59
PK3 Forward
1 - 0% - 50%
2 - 0% - 50%
PK3 Defense
1 - 0% - 50%
2 - 0% - 50%
44 Forward
1 - 0% - 50%
2 - 0% - 50%
44 Defense
1 - 0% - 50%
2 - 0% - 50%
Last Minute Offensive - 0:00
Last Minute Defensive - 0:00
Total
Forward - 60:00
Defense - 60:00
|
% Time on Ice - Detroit Red Wings
Lines # - Real PCT - Wanted PCT - Time Play
Normal Forward
1 - 33% - 35% - 15:34
2 - 32% - 35% - 15:12
3 - 21% - 20% - 10:04
4 - 14% - 10% - 6:39
Normal Defense
1 - 42% - 40% - 19:55
2 - 28% - 30% - 13:31
3 - 25% - 20% - 12:01
4 - 4% - 10% - 2:02
PP Forward
1 - 51% - 50% - 3:58
2 - 49% - 50% - 3:48
PP Defense
1 - 52% - 50% - 4:01
2 - 48% - 50% - 3:45
PK Forward
1 - 49% - 50% - 2:19
2 - 51% - 50% - 2:26
PK Defense
1 - 49% - 50% - 2:21
2 - 51% - 50% - 2:24
PK3 Forward
1 - 0% - 50%
2 - 0% - 50%
PK3 Defense
1 - 0% - 50%
2 - 0% - 50%
44 Forward
1 - 0% - 60%
2 - 0% - 40%
44 Defense
1 - 0% - 60%
2 - 0% - 40%
Last Minute Offensive - 0:00
Last Minute Defensive - 0:00
Total
Forward - 60:00
Defense - 60:00
|
Play-by-Play
1st period
0:01 of 1st period - Vincent Trocheck wins face-off versus Steven Stamkos in neutral zone.
1:10 of 1st period - Snap shot by John-Jason Peterka.
1:10 of 1st period - Stopped by Calvin Pickard without a rebound.
1:11 of 1st period - Mika Zibanejad wins face-off versus Andrew Copp in Detroit Red Wings zone.
2:06 of 1st period - Wrist shot by Daniel Sprong.
2:06 of 1st period - Shot Misses the Net.
2:15 of 1st period - Keegan Kolesar beats up Anders Lee.
2:15 of 1st period - Penalty to Keegan Kolesar for Fighting.
2:15 of 1st period - Penalty to Anders Lee for Fighting.
2:16 of 1st period - Eetu Luostarinen wins face-off versus Steven Stamkos in neutral zone.
2:25 of 1st period - Snap shot by Angus Crookshank.
2:25 of 1st period - Shot Misses the Net.
2:37 of 1st period - Minor Penalty to Patrick Kane for Hooking.
2:38 of 1st period - Vincent Trocheck wins face-off versus Mika Zibanejad in Detroit Red Wings zone.
2:39 of 1st period - Snap shot by Alex Newhook.
2:39 of 1st period - Goal by Alex Newhook - Boston Bruins : 1 - Detroit Red Wings : 0.
2:40 of 1st period - Mika Zibanejad wins face-off versus Vincent Trocheck in neutral zone.
2:51 of 1st period - Wrist shot by Carter Verhaeghe.
2:51 of 1st period - Shot Misses the Net.
2:53 of 1st period - Backhand shot by Shayne Gostisbehere.
2:53 of 1st period - Shot Misses the Net.
3:05 of 1st period - Jackson LaCombe is hit by Evander Kane and loses puck.
3:10 of 1st period - Wrist shot by Andrew Copp.
3:10 of 1st period - Shot Misses the Net.
4:06 of 1st period - Connor Clifton is hit by Yakov Trenin and loses puck.
4:27 of 1st period - Snap shot by Joel Farabee.
4:27 of 1st period - Stopped by Calvin Pickard with a rebound.
4:29 of 1st period - Snap shot by Andrew Copp.
4:29 of 1st period - Stopped by Calvin Pickard with a rebound.
4:36 of 1st period - Minor Penalty to Jeff Petry for Holding.
4:37 of 1st period - Kevin Stenlund wins face-off versus Andrew Copp in Detroit Red Wings zone.
4:47 of 1st period - Wrist shot by Evander Kane.
4:47 of 1st period - Stopped by Calvin Pickard without a rebound.
4:48 of 1st period - Vincent Trocheck wins face-off versus Mika Zibanejad in Detroit Red Wings zone.
4:49 of 1st period - Slapshot by Alex Newhook.
4:49 of 1st period - Shot Blocked by Mika Zibanejad.
4:51 of 1st period - Wrist shot by Vincent Trocheck.
4:51 of 1st period - Stopped by Calvin Pickard with a rebound.
4:53 of 1st period - Backhand shot by Vincent Trocheck.
4:53 of 1st period - Stopped by Calvin Pickard with a rebound.
5:25 of 1st period - Snap shot by Steven Stamkos.
5:25 of 1st period - Stopped by Petr Mrazek with a rebound.
5:27 of 1st period - Snap shot by Kevin Stenlund.
5:27 of 1st period - Stopped by Petr Mrazek with a rebound.
5:49 of 1st period - Wrist shot by Kevin Stenlund.
5:49 of 1st period - Deflect By Mika Zibanejad.
5:49 of 1st period - Shot Blocked by Connor Clifton.
5:49 of 1st period - Puck is out of play.
5:50 of 1st period - Mika Zibanejad wins face-off versus Vincent Trocheck in Boston Bruins zone.
6:36 of 1st period - Penalty to Jeff Petry is over, Jeff Petry is back on ice.
6:38 of 1st period - Icing by Christian Fischer.
6:39 of 1st period - Andrew Copp wins face-off versus Mika Zibanejad in Detroit Red Wings zone.
6:45 of 1st period - Slapshot by Ty Emberson.
6:45 of 1st period - Shot Misses the Net.
6:47 of 1st period - Snap shot by Alex Newhook.
6:47 of 1st period - Stopped by Calvin Pickard without a rebound.
6:48 of 1st period - Matthew Beniers wins face-off versus Steven Stamkos in Detroit Red Wings zone.
6:53 of 1st period - Snap shot by Matthew Beniers.
6:53 of 1st period - Shot Misses the Net.
7:37 of 1st period - Off-side.
7:38 of 1st period - Steven Stamkos wins face-off versus Eetu Luostarinen in neutral zone.
8:03 of 1st period - Vincent Trocheck is hit by Yakov Trenin.
8:25 of 1st period - Joel Farabee is hit by Tyler Johnson.
8:54 of 1st period - Snap shot by Brendan Gallagher.
8:54 of 1st period - Stopped by Petr Mrazek without a rebound.
8:55 of 1st period - Vincent Trocheck wins face-off versus Steven Stamkos in Boston Bruins zone.
9:12 of 1st period - Snap shot by Steven Stamkos.
9:12 of 1st period - Stopped by Petr Mrazek without a rebound.
9:13 of 1st period - Andrew Copp wins face-off versus Mika Zibanejad in Boston Bruins zone.
9:26 of 1st period - Snap shot by Andrew Copp.
9:26 of 1st period - Deflect By Mika Zibanejad.
9:26 of 1st period - Stopped by Calvin Pickard with a rebound.
9:28 of 1st period - Snap shot by Joel Farabee.
9:28 of 1st period - Stopped by Calvin Pickard without a rebound.
9:29 of 1st period - Vincent Trocheck wins face-off versus Steven Stamkos in Detroit Red Wings zone.
9:32 of 1st period - Slapshot by Vincent Trocheck.
9:32 of 1st period - Shot Misses the Net.
9:38 of 1st period - Wrist shot by Vincent Trocheck.
9:38 of 1st period - Shot Misses the Net.
9:40 of 1st period - Slapshot by Ryan Lindgren.
9:40 of 1st period - Stopped by Calvin Pickard with a rebound.
9:42 of 1st period - Slapshot by Torey Krug.
9:42 of 1st period - Stopped by Calvin Pickard without a rebound.
9:43 of 1st period - Ryan Strome wins face-off versus Mika Zibanejad in Detroit Red Wings zone.
10:55 of 1st period - Snap shot by Alex Newhook.
10:55 of 1st period - Shot Blocked by Zachary Werenski.
10:57 of 1st period - Slapshot by Vincent Trocheck.
10:57 of 1st period - Shot Blocked by Jared McCann.
10:59 of 1st period - Snap shot by Ryan Strome.
10:59 of 1st period - Goal by Ryan Strome - Boston Bruins : 2 - Detroit Red Wings : 0.
11:00 of 1st period - Vincent Trocheck wins face-off versus Mika Zibanejad in neutral zone.
11:07 of 1st period - Wrist shot by Alex Newhook.
11:07 of 1st period - Stopped by Calvin Pickard without a rebound.
11:08 of 1st period - Mika Zibanejad wins face-off versus Alex Newhook in Detroit Red Wings zone.
11:13 of 1st period - Ryan Lindgren is hit by Jackson LaCombe and loses puck.
11:44 of 1st period - Wrist shot by Alex Newhook.
11:44 of 1st period - Stopped by Calvin Pickard with a rebound.
11:46 of 1st period - Wrist shot by Ryan Strome.
11:46 of 1st period - Deflect By Vincent Trocheck.
11:46 of 1st period - Stopped by Calvin Pickard with a rebound.
12:56 of 1st period - Slapshot by Carter Verhaeghe.
12:56 of 1st period - Stopped by Petr Mrazek without a rebound.
12:57 of 1st period - Steven Stamkos wins face-off versus Matthew Beniers in Boston Bruins zone.
13:05 of 1st period - Icing by John Ludvig.
13:06 of 1st period - Steven Stamkos wins face-off versus Matthew Beniers in Boston Bruins zone.
13:58 of 1st period - Off-side.
13:59 of 1st period - Andrew Copp wins face-off versus Yakov Trenin in neutral zone.
14:31 of 1st period - Keegan Kolesar is hit by Evander Kane and loses puck.
15:33 of 1st period - Icing by Vincent Trocheck.
15:34 of 1st period - Vincent Trocheck wins face-off versus Yakov Trenin in Boston Bruins zone.
15:56 of 1st period - Icing by Vincent Trocheck.
15:57 of 1st period - Vincent Trocheck wins face-off versus Steven Stamkos in Boston Bruins zone.
16:25 of 1st period - Snap shot by Joel Farabee.
16:25 of 1st period - Shot Misses the Net.
16:31 of 1st period - Evander Kane is hit by Shayne Gostisbehere.
17:29 of 1st period - Snap shot by Daniel Sprong.
17:29 of 1st period - Stopped by Petr Mrazek with a rebound.
17:39 of 1st period - Slapshot by Christian Fischer.
17:39 of 1st period - Deflect By Andrew Copp.
17:39 of 1st period - Shot Blocked by Connor Clifton.
17:39 of 1st period - Puck is out of play.
17:40 of 1st period - Mika Zibanejad wins face-off versus Matthew Beniers in Boston Bruins zone.
17:43 of 1st period - Wrist shot by Carter Verhaeghe.
17:43 of 1st period - Shot Misses the Net.
17:51 of 1st period - Carter Verhaeghe is hit by Ty Emberson.
18:12 of 1st period - Snap shot by Patrick Kane.
18:12 of 1st period - Stopped by Petr Mrazek without a rebound.
18:13 of 1st period - Andrew Copp wins face-off versus Steven Stamkos in Boston Bruins zone.
19:20 of 1st period - Erik Brannstrom is hit by Ryan Strome and loses puck.
19:36 of 1st period - Off-side.
19:37 of 1st period - Steven Stamkos wins face-off versus Andrew Copp in neutral zone.
19:46 of 1st period - Snap shot by Jared McCann.
19:46 of 1st period - Stopped by Petr Mrazek with a rebound.
19:54 of 1st period - Zachary Werenski is hit by Joel Farabee and loses puck.
Goals for this period are 2 for Boston Bruins vs 0 for Detroit Red Wings.
Shots for this period are 16 for Boston Bruins vs 8 for Detroit Red Wings.
2nd period
0:01 of 2nd period - Mika Zibanejad wins face-off versus Andrew Copp in neutral zone.
0:14 of 2nd period - Snap shot by Mika Zibanejad.
0:14 of 2nd period - Stopped by Petr Mrazek with a rebound.
0:16 of 2nd period - Wrist shot by Shayne Gostisbehere.
0:16 of 2nd period - Stopped by Petr Mrazek without a rebound.
0:17 of 2nd period - Steven Stamkos wins face-off versus Matthew Beniers in Boston Bruins zone.
0:26 of 2nd period - Slapshot by Patrick Kane.
0:26 of 2nd period - Shot Misses the Net.
0:56 of 2nd period - Zachary Werenski is hit by Ty Emberson and loses puck.
1:11 of 2nd period - Slapshot by Eetu Luostarinen.
1:11 of 2nd period - Shot Misses the Net.
1:13 of 2nd period - Slapshot by Connor Clifton.
1:13 of 2nd period - Stopped by Calvin Pickard with a rebound.
1:15 of 2nd period - Snap shot by Eetu Luostarinen.
1:15 of 2nd period - Stopped by Calvin Pickard with a rebound.
1:17 of 2nd period - Slapshot by Connor Clifton.
1:17 of 2nd period - Stopped by Calvin Pickard without a rebound.
1:18 of 2nd period - Matthew Beniers wins face-off versus Steven Stamkos in Detroit Red Wings zone.
1:45 of 2nd period - John Ludvig is hit by Shayne Gostisbehere and loses puck.
2:28 of 2nd period - Slapshot by Alex Newhook.
2:28 of 2nd period - Stopped by Calvin Pickard with a rebound.
2:30 of 2nd period - Slapshot by Ryan Lindgren.
2:30 of 2nd period - Stopped by Calvin Pickard without a rebound.
2:31 of 2nd period - Mika Zibanejad wins face-off versus Eetu Luostarinen in Detroit Red Wings zone.
2:38 of 2nd period - Snap shot by John-Jason Peterka.
2:38 of 2nd period - Stopped by Calvin Pickard without a rebound.
2:39 of 2nd period - Mika Zibanejad wins face-off versus Matthew Beniers in Detroit Red Wings zone.
2:39 of 2nd period - Mika Zibanejad is hit by Ty Emberson.
2:53 of 2nd period - Slapshot by Mika Zibanejad.
2:53 of 2nd period - Shot Blocked by Connor Clifton.
2:55 of 2nd period - Wrist shot by Carter Verhaeghe.
2:55 of 2nd period - Stopped by Petr Mrazek with a rebound.
3:09 of 2nd period - Wrist shot by Mika Zibanejad.
3:09 of 2nd period - Stopped by Petr Mrazek with a rebound.
3:15 of 2nd period - Snap shot by Mika Zibanejad.
3:15 of 2nd period - Shot Misses the Net.
3:17 of 2nd period - Slapshot by Jackson LaCombe.
3:17 of 2nd period - Stopped by Petr Mrazek with a rebound.
3:33 of 2nd period - Snap shot by Carter Verhaeghe.
3:33 of 2nd period - Shot Blocked by Matthew Beniers.
3:37 of 2nd period - Wrist shot by Carter Verhaeghe.
3:37 of 2nd period - Stopped by Petr Mrazek without a rebound.
3:38 of 2nd period - Steven Stamkos wins face-off versus Evander Kane in Boston Bruins zone.
3:45 of 2nd period - Slapshot by Andrew Copp.
3:45 of 2nd period - Stopped by Calvin Pickard without a rebound.
3:46 of 2nd period - Andrew Copp wins face-off versus Steven Stamkos in Detroit Red Wings zone.
3:47 of 2nd period - Wrist shot by Evander Kane.
3:47 of 2nd period - Goal by Evander Kane - Boston Bruins : 3 - Detroit Red Wings : 0.
3:48 of 2nd period - Steven Stamkos wins face-off versus Andrew Copp in neutral zone.
3:55 of 2nd period - Snap shot by Jared McCann.
3:55 of 2nd period - Shot Blocked by Evander Kane.
4:35 of 2nd period - Carter Verhaeghe is hit by Angus Crookshank and loses puck.
6:08 of 2nd period - Snap shot by Carter Verhaeghe.
6:08 of 2nd period - Shot Hit the Post.
6:10 of 2nd period - Slapshot by Jeff Petry.
6:10 of 2nd period - Stopped by Petr Mrazek with a rebound.
6:15 of 2nd period - Minor Penalty to Anders Lee for Tripping.
6:16 of 2nd period - Vincent Trocheck wins face-off versus Steven Stamkos in Boston Bruins zone.
6:48 of 2nd period - Wrist shot by Carter Verhaeghe.
6:48 of 2nd period - Stopped by Petr Mrazek without a rebound.
6:49 of 2nd period - Vincent Trocheck wins face-off versus Mika Zibanejad in Boston Bruins zone.
6:49 of 2nd period - Vincent Trocheck is hit by Carter Verhaeghe.
7:39 of 2nd period - Erik Brannstrom is hit by Ryan Strome and loses puck.
8:15 of 2nd period - Penalty to Anders Lee is over, Anders Lee is back on ice.
9:50 of 2nd period - Minor Penalty to Anders Lee for Roughing.
9:51 of 2nd period - Vincent Trocheck wins face-off versus Steven Stamkos in Boston Bruins zone.
9:51 of 2nd period - Vincent Trocheck is hit by Steven Stamkos.
9:56 of 2nd period - Snap shot by Jared McCann.
9:56 of 2nd period - Shot Misses the Net.
10:06 of 2nd period - Slapshot by Joel Farabee.
10:06 of 2nd period - Shot Misses the Net.
10:10 of 2nd period - Slapshot by Ryan Strome.
10:10 of 2nd period - Stopped by Calvin Pickard without a rebound.
10:11 of 2nd period - Vincent Trocheck wins face-off versus Tyler Johnson in Detroit Red Wings zone.
11:50 of 2nd period - Penalty to Anders Lee is over, Anders Lee is back on ice.
12:03 of 2nd period - Snap shot by Daniel Sprong.
12:03 of 2nd period - Shot Misses the Net.
12:05 of 2nd period - Snap shot by Yakov Trenin.
12:05 of 2nd period - Stopped by Petr Mrazek with a rebound.
12:19 of 2nd period - Slapshot by John-Jason Peterka.
12:19 of 2nd period - Shot Misses the Net.
12:21 of 2nd period - Snap shot by Eetu Luostarinen.
12:21 of 2nd period - Stopped by Calvin Pickard without a rebound.
12:22 of 2nd period - John-Jason Peterka wins face-off versus Keegan Kolesar in Detroit Red Wings zone.
12:47 of 2nd period - Ty Emberson is hit by Carter Verhaeghe and loses puck.
13:14 of 2nd period - Snap shot by Christian Fischer.
13:14 of 2nd period - Stopped by Petr Mrazek without a rebound.
13:15 of 2nd period - Matthew Beniers wins face-off versus Yakov Trenin in Boston Bruins zone.
13:23 of 2nd period - Minor Penalty to John Ludvig for Diving.
13:24 of 2nd period - Ryan Strome wins face-off versus Mika Zibanejad in Boston Bruins zone.
13:24 of 2nd period - Ryan Strome is hit by Carter Verhaeghe.
13:30 of 2nd period - Icing by Tyler Johnson.
13:31 of 2nd period - Vincent Trocheck wins face-off versus Mika Zibanejad in Detroit Red Wings zone.
13:34 of 2nd period - Wrist shot by Vincent Trocheck.
13:34 of 2nd period - Stopped by Calvin Pickard with a rebound.
15:06 of 2nd period - Torey Krug is hit by Erik Brannstrom and loses puck.
15:23 of 2nd period - Penalty to John Ludvig is over, John Ludvig is back on ice.
15:35 of 2nd period - Snap shot by Morgan Geekie.
15:35 of 2nd period - Goal by Morgan Geekie - Boston Bruins : 4 - Detroit Red Wings : 0.
15:36 of 2nd period - Vincent Trocheck wins face-off versus Mika Zibanejad in neutral zone.
15:41 of 2nd period - Snap shot by Vincent Trocheck.
15:41 of 2nd period - Shot Misses the Net.
16:42 of 2nd period - Slapshot by Zachary Werenski.
16:42 of 2nd period - Stopped by Petr Mrazek without a rebound.
16:43 of 2nd period - Andrew Copp wins face-off versus Steven Stamkos in Boston Bruins zone.
17:50 of 2nd period - Wrist shot by Brendan Gallagher.
17:50 of 2nd period - Shot Misses the Net.
18:15 of 2nd period - Off-side.
18:16 of 2nd period - Matthew Beniers wins face-off versus Steven Stamkos in neutral zone.
18:48 of 2nd period - Slapshot by Zachary Werenski.
18:48 of 2nd period - Shot Blocked by Ryan Lindgren.
18:50 of 2nd period - Minor Penalty to Ryan Strome for Tripping.
18:51 of 2nd period - Morgan Geekie wins face-off versus Patrick Kane in Boston Bruins zone.
Goals for this period are 2 for Boston Bruins vs 0 for Detroit Red Wings.
Shots for this period are 12 for Boston Bruins vs 11 for Detroit Red Wings.
3rd period
0:01 of 3rd period - Morgan Geekie wins face-off versus Mika Zibanejad in neutral zone.
0:15 of 3rd period - Off-side.
0:16 of 3rd period - Vincent Trocheck wins face-off versus Steven Stamkos in neutral zone.
0:23 of 3rd period - Snap shot by Patrick Kane.
0:23 of 3rd period - Goal by Patrick Kane - Boston Bruins : 4 - Detroit Red Wings : 1.
0:24 of 3rd period - Steven Stamkos wins face-off versus Andrew Copp in neutral zone.
1:18 of 3rd period - Snap shot by Anders Lee.
1:18 of 3rd period - Stopped by Calvin Pickard with a rebound.
1:42 of 3rd period - Ty Emberson is hit by Brendan Gallagher and loses puck.
3:38 of 3rd period - Snap shot by Eetu Luostarinen.
3:38 of 3rd period - Stopped by Calvin Pickard without a rebound.
3:39 of 3rd period - Andrew Copp wins face-off versus Steven Stamkos in Detroit Red Wings zone.
3:40 of 3rd period - Snap shot by Joel Farabee.
3:40 of 3rd period - Stopped by Calvin Pickard without a rebound.
3:41 of 3rd period - Steven Stamkos wins face-off versus Andrew Copp in Detroit Red Wings zone.
4:12 of 3rd period - Wrist shot by Vincent Trocheck.
4:12 of 3rd period - Deflect By Ryan Strome.
4:12 of 3rd period - Stopped by Calvin Pickard with a rebound.
4:32 of 3rd period - Wrist shot by Daniel Sprong.
4:32 of 3rd period - Shot Blocked by Yegor Zamula.
5:09 of 3rd period - Zach Bogosian is hit by Vincent Trocheck and loses puck.
5:26 of 3rd period - Wrist shot by Tyler Johnson.
5:26 of 3rd period - Shot Misses the Net.
5:28 of 3rd period - Slapshot by Erik Brannstrom.
5:28 of 3rd period - Stopped by Petr Mrazek with a rebound.
5:44 of 3rd period - Snap shot by Torey Krug.
5:44 of 3rd period - Shot Blocked by Jackson LaCombe.
5:46 of 3rd period - Snap shot by Evander Kane.
5:46 of 3rd period - Goal by Evander Kane - Boston Bruins : 5 - Detroit Red Wings : 1.
5:47 of 3rd period - Andrew Copp wins face-off versus Jared McCann in neutral zone.
6:08 of 3rd period - Minor Penalty to Patrick Kane for Delaying the game.
6:09 of 3rd period - Vincent Trocheck wins face-off versus Kevin Stenlund in Detroit Red Wings zone.
6:14 of 3rd period - Slapshot by Vincent Trocheck.
6:14 of 3rd period - Shot Misses the Net.
6:16 of 3rd period - Snap shot by Connor Clifton.
6:16 of 3rd period - Shot Blocked by Jackson LaCombe.
6:34 of 3rd period - Alex Newhook is hit by Mika Zibanejad and loses puck.
6:41 of 3rd period - Slapshot by Connor Clifton.
6:41 of 3rd period - Stopped by Calvin Pickard with a rebound.
6:43 of 3rd period - Wrist shot by Ryan Strome.
6:43 of 3rd period - Shot Misses the Net.
6:45 of 3rd period - Snap shot by Vincent Trocheck.
6:45 of 3rd period - Shot Misses the Net.
7:15 of 3rd period - Jeff Petry is hit by Ryan Strome and loses puck.
8:05 of 3rd period - Slapshot by Steven Stamkos.
8:05 of 3rd period - Stopped by Petr Mrazek without a rebound.
8:06 of 3rd period - Andrew Copp wins face-off versus Steven Stamkos in Boston Bruins zone.
8:08 of 3rd period - Penalty to Patrick Kane is over, Patrick Kane is back on ice.
8:26 of 3rd period - Snap shot by Carter Verhaeghe.
8:26 of 3rd period - Shot Misses the Net.
8:28 of 3rd period - Snap shot by Mika Zibanejad.
8:28 of 3rd period - Goal by Mika Zibanejad - Boston Bruins : 5 - Detroit Red Wings : 2.
8:29 of 3rd period - Steven Stamkos wins face-off versus Andrew Copp in neutral zone.
8:32 of 3rd period - Snap shot by Patrick Kane.
8:32 of 3rd period - Deflect By Torey Krug.
8:32 of 3rd period - Shot Blocked by Torey Krug.
8:32 of 3rd period - Puck is out of play.
8:33 of 3rd period - Andrew Copp wins face-off versus Steven Stamkos in Boston Bruins zone.
8:33 of 3rd period - Andrew Copp is hit by Jared McCann.
8:41 of 3rd period - Wrist shot by Joel Farabee.
8:41 of 3rd period - Stopped by Calvin Pickard with a rebound.
8:43 of 3rd period - Slapshot by Andrew Copp.
8:43 of 3rd period - Shot Misses the Net.
8:45 of 3rd period - Slapshot by Joel Farabee.
8:45 of 3rd period - Stopped by Calvin Pickard with a rebound.
8:47 of 3rd period - Snap shot by Joel Farabee.
8:47 of 3rd period - Shot Blocked by Patrick Kane.
8:49 of 3rd period - Snap shot by Torey Krug.
8:49 of 3rd period - Shot Misses the Net.
9:03 of 3rd period - Snap shot by Alex Newhook.
9:03 of 3rd period - Shot Misses the Net.
9:05 of 3rd period - Snap shot by Vincent Trocheck.
9:05 of 3rd period - Shot Blocked by Jeff Petry.
9:07 of 3rd period - Wrist shot by Vincent Trocheck.
9:07 of 3rd period - Deflect By Mika Zibanejad.
9:07 of 3rd period - Goal by Vincent Trocheck - Boston Bruins : 6 - Detroit Red Wings : 2.
9:08 of 3rd period - Steven Stamkos wins face-off versus Vincent Trocheck in neutral zone.
9:25 of 3rd period - Wrist shot by Vincent Trocheck.
9:25 of 3rd period - Stopped by Calvin Pickard with a rebound.
9:55 of 3rd period - Snap shot by Carter Verhaeghe.
9:55 of 3rd period - Stopped by Petr Mrazek with a rebound.
9:57 of 3rd period - Wrist shot by Daniel Sprong.
9:57 of 3rd period - Stopped by Petr Mrazek with a rebound.
9:59 of 3rd period - Slapshot by Erik Brannstrom.
9:59 of 3rd period - Shot Blocked by Morgan Geekie.
10:01 of 3rd period - Snap shot by Daniel Sprong.
10:01 of 3rd period - Stopped by Petr Mrazek with a rebound.
10:03 of 3rd period - Snap shot by Erik Brannstrom.
10:03 of 3rd period - Stopped by Petr Mrazek without a rebound.
10:04 of 3rd period - Vincent Trocheck wins face-off versus Steven Stamkos in Boston Bruins zone.
10:04 of 3rd period - Vincent Trocheck is hit by Jared McCann.
10:09 of 3rd period - Off-side.
10:10 of 3rd period - Vincent Trocheck wins face-off versus Steven Stamkos in neutral zone.
10:20 of 3rd period - John Ludvig beats up Jeff Petry.
10:20 of 3rd period - Penalty to Jeff Petry for Fighting.
10:20 of 3rd period - Penalty to John Ludvig for Fighting.
10:21 of 3rd period - Andrew Copp wins face-off versus Jared McCann in Detroit Red Wings zone.
10:53 of 3rd period - Wrist shot by Carter Verhaeghe.
10:53 of 3rd period - Shot Blocked by Ryan Lindgren.
10:55 of 3rd period - Slapshot by Zach Bogosian.
10:55 of 3rd period - Shot Blocked by Ryan Strome.
11:03 of 3rd period - Minor Penalty to Ryan Strome for Cross-checking.
11:04 of 3rd period - Morgan Geekie wins face-off versus Steven Stamkos in Boston Bruins zone.
11:15 of 3rd period - Slapshot by Steven Stamkos.
11:15 of 3rd period - Shot Blocked by Ty Emberson.
11:17 of 3rd period - Wrist shot by Steven Stamkos.
11:17 of 3rd period - Shot Misses the Net.
11:19 of 3rd period - Slapshot by Zachary Werenski.
11:19 of 3rd period - Goal by Zachary Werenski - Boston Bruins : 6 - Detroit Red Wings : 3.
11:20 of 3rd period - Vincent Trocheck wins face-off versus Steven Stamkos in neutral zone.
11:23 of 3rd period - Slapshot by Torey Krug.
11:23 of 3rd period - Stopped by Calvin Pickard with a rebound.
11:46 of 3rd period - Torey Krug is hit by Christian Fischer and loses puck.
11:53 of 3rd period - Shayne Gostisbehere is hit by Connor Clifton.
12:35 of 3rd period - Connor Clifton is hit by Daniel Sprong and loses puck.
13:10 of 3rd period - Wrist shot by Christian Fischer.
13:10 of 3rd period - Stopped by Petr Mrazek without a rebound.
13:11 of 3rd period - Andrew Copp wins face-off versus Jared McCann in Boston Bruins zone.
13:20 of 3rd period - Wrist shot by Evander Kane.
13:20 of 3rd period - Stopped by Calvin Pickard with a rebound.
15:07 of 3rd period - Evander Kane is hit by Mika Zibanejad and loses puck.
16:44 of 3rd period - Evander Kane is hit by Christian Fischer and loses puck.
16:53 of 3rd period - Andrew Copp is hit by Erik Brannstrom and loses puck.
17:04 of 3rd period - Matthew Beniers is hit by Erik Brannstrom.
17:16 of 3rd period - Slapshot by Connor Clifton.
17:16 of 3rd period - Stopped by Calvin Pickard without a rebound.
17:17 of 3rd period - Mika Zibanejad wins face-off versus Eetu Luostarinen in Detroit Red Wings zone.
17:27 of 3rd period - Wrist shot by Mika Zibanejad.
17:27 of 3rd period - Shot Misses the Net.
17:29 of 3rd period - Snap shot by Jackson LaCombe.
17:29 of 3rd period - Stopped by Petr Mrazek without a rebound.
17:30 of 3rd period - Andrew Copp wins face-off versus Steven Stamkos in Boston Bruins zone.
17:43 of 3rd period - Snap shot by Patrick Kane.
17:43 of 3rd period - Shot Blocked by Joel Farabee.
17:45 of 3rd period - Slapshot by Steven Stamkos.
17:45 of 3rd period - Shot Hit the Post.
17:47 of 3rd period - Snap shot by Patrick Kane.
17:47 of 3rd period - Stopped by Petr Mrazek without a rebound.
17:48 of 3rd period - Mika Zibanejad wins face-off versus Vincent Trocheck in Boston Bruins zone.
18:15 of 3rd period - Icing by Joel Farabee.
18:16 of 3rd period - Steven Stamkos wins face-off versus Andrew Copp in Boston Bruins zone.
18:31 of 3rd period - Slapshot by Torey Krug.
18:31 of 3rd period - Shot Blocked by Shayne Gostisbehere.
18:41 of 3rd period - Snap shot by Patrick Kane.
18:41 of 3rd period - Shot Misses the Net.
18:57 of 3rd period - Snap shot by Andrew Copp.
18:57 of 3rd period - Goal by Andrew Copp - Boston Bruins : 7 - Detroit Red Wings : 3.
18:58 of 3rd period - Morgan Geekie wins face-off versus Mika Zibanejad in neutral zone.
19:14 of 3rd period - Minor Penalty to Shayne Gostisbehere for Interference.
19:15 of 3rd period - Mika Zibanejad wins face-off versus Andrew Copp in Detroit Red Wings zone.
19:46 of 3rd period - Zachary Werenski is hit by Ryan Strome.
19:50 of 3rd period - Snap shot by Vincent Trocheck.
19:50 of 3rd period - Stopped by Calvin Pickard without a rebound.
19:51 of 3rd period - Andrew Copp wins face-off versus Mika Zibanejad in Detroit Red Wings zone.
19:54 of 3rd period - Snap shot by Joel Farabee.
19:54 of 3rd period - Shot Misses the Net.
19:56 of 3rd period - Snap shot by Evander Kane.
19:56 of 3rd period - Shot Blocked by Jeff Petry.
19:58 of 3rd period - Wrist shot by Andrew Copp.
19:58 of 3rd period - Shot Misses the Net.
Goals for this period are 3 for Boston Bruins vs 3 for Detroit Red Wings.
Shots for this period are 15 for Boston Bruins vs 12 for Detroit Red Wings.
Back to the Top